AoeStats
← crtolino93

MegaRandom

504690717Analyzed
2v2 RM · 27d ago on Sep 6, 2026· 16m 2s· 4 players
Game mode
Random Map
Map size
Medium (4 player)
Population
200
Speed
Normal
Resources
Standard
Victory
Conquest
Starting age
Dark Age
Ending age
Imperial Age
RankedLock teamsTeams togetherTeam positionsShared explorationLock speedFull tech treeHidden civsTurbo modeCheats
Victory
Defeat
🇺🇸 Jurchens · United States
1169
+15
🇸🇮 Huns · Slovenia
1106
+17
🇳🇿 Vietnamese · New Zealand
1147
-16
🇳🇿 Khitans · New Zealand
1145
-16
sloth
0:31 Loom
10:29 Feudal Age
12:02 Forging
14:03 Scale Barding Armor
flame
0:33 Loom
12:40 Feudal Age
13:09 Horse Collar
13:16 Double-Bit Axe
crtolino93
2:51 Loom
10:40 Feudal Age
11:31 Double-Bit Axe
14:49 Bloodlines
15:47 Scale Barding Armor
slenderstalker2025
0:29 Loom
9:44 Feudal Age
10:26 Double-Bit Axe
11:21 Wheelbarrow
14:15 Forging
Connection lost

Rejoining the realm…

Still unreachable

The connection could not be restored.

Session expired

The server has moved on; the page needs a fresh start.